 Dungeon Crawl Stone Soup version 0.21-a0-531-gacddea6 (webtiles) character file.

665 Amnesiac the Skirmisher (level 7, -2/44 HPs)
             Began as a Deep Elf Earth Elementalist on Dec 13, 2017.
             Slain by Vojta's ghost (5 damage)
             ... on level 3 of the Dungeon.
             The game lasted 00:08:48 (4148 turns).

Amnesiac the Skirmisher (DEEE)                      Turns: 4148, Time: 00:08:49

Health: -2/44      AC:  2    Str:  5      XL:     7   Next: 31%
Magic:  13/13      EV: 13    Int: 22      God:
Gold:   177        SH:  0    Dex:  7 (15) Spells: 5/12 levels left

rFire    . . .     SeeInvis +   u - +4 whip (freeze)
rCold    . . .     Gourm    .   (no shield)
rNeg     . . .     Faith    .   c - +0 robe
rPois    .         Spirit   .   (no helmet)
rElec    .         Reflect  .   n - scarf {cloud immunity}
rCorr    .         Harm     .   (no gloves)
MR       .....                  (no boots)
Stlth    ++........             (no amulet)
HPRegen  0.14/turn              (no ring)
MPRegen  0.13/turn              o - ring of see invisible

@: no status effects
A: no striking features
a: no special abilities


You were on level 3 of the Dungeon.
You were not hungry.

You visited 1 branch of the dungeon, and saw 3 of its levels.
You also visited: Sewer.

You collected 177 gold pieces.

Inventory:

Hand Weapons
 m - a +0 dagger of draining
 q - a +0 hand crossbow
 u - a +4 whip of freezing (weapon)
Missiles
 j - 33 poisoned needles
 y - 9 bolts
Armour
 c - a +0 robe (worn)
 n - a scarf of cloud immunity (worn)
Jewellery
 f - an uncursed ring of ice
 o - a ring of see invisible (right hand)
Wands
 x - a wand of polymorph (19)
Scrolls
 b - a scroll of enchant armour {!r, unknown}
 g - a scroll of random uselessness {!r, unknown}
 i - a scroll of remove curse {!r}
 k - a scroll of teleportation {!r, unknown}
 p - 2 scrolls of immolation {!r, unknown}
 B - a scroll of enchant weapon {!r, unknown}
Potions
 a - a potion of flight {!q, unknown}
 s - 2 potions of curing {!q}
 t - a potion of cancellation {!q}
 v - 2 potions of agility {!q}
 z - a potion of might {!q, unknown}
Books
 e - a book of Geomancy

   Spells                             Type                      Level
   a - Sandblast                      Earth                        1
   b - Passwall                       Transmutation/Earth          2
   c - Stone Arrow                    Conjuration/Earth            3
   d - Petrify                        Transmutation/Earth          4
   e - Lee's Rapid Deconstruction     Earth                        5
 A - a book of Clouds

   Spells                             Type                      Level
   a - Poisonous Vapours              Poison/Air                   2
   b - Mephitic Cloud                 Conjuration/Poison/Air       3
   c - Conjure Flame                  Conjuration/Fire             3
   d - Freezing Cloud                 Conjuration/Ice/Air          6
   e - Ring of Flames                 Charms/Fire                  7
Comestibles
 d - 3 bread rations


   Skills:
 * Level 5.5 Fighting
 + Level 5.5 Dodging
 - Level 2.4 Stealth
 - Level 3.0 Spellcasting
 - Level 1.1 Transmutations
 - Level 3.2 Earth Magic


You had 5 spell levels left.
You knew the following spells:

 Your Spells              Type           Power        Failure   Level  Hunger
a - Sandblast             Erth           ###...       3%          1    None
b - Passwall              Tmut/Erth      ##........   8%          2    ##.....
e - Petrify               Tmut/Erth      ##......     45%         4    ####...


Dungeon Overview and Level Annotations

Branches:
Dungeon (3/15)

Altars:

Annotations:
D:3 Vojta's ghost, amateur DDHu


Message History

* * * LOW HITPOINT WARNING * * *
An adder comes into view.
There is an open door here.
Vojta's ghost takes aim.
You closely miss the adder. The adder barely misses you.
You hit the adder. You freeze the adder.
The adder is moderately wounded.
The adder bites you.
* * * LOW HITPOINT WARNING * * *
The adder closely misses you.
You hit the adder. You freeze the adder.
You kill the adder!
Vojta's ghost barely misses you.
Things that are here:
a short sword; a kobold skeleton
There is an open door here.
Quiver which item? (- for none, * to show all) (? for menu, Esc to quit)
Okay, then.
Vojta's ghost grins evilly.
You see here 4 tomahawks.
You eat the meat ration.
That meat ration really hit the spot!
You hit Vojta's ghost. You freeze Vojta's ghost.
Vojta's ghost is almost destroyed.
Vojta's ghost hits you but does no damage.
Vojta's ghost barely misses you.
You closely miss Vojta's ghost.
Vojta's ghost is almost destroyed.
Vojta's ghost hits you.
* * * LOW HITPOINT WARNING * * *
Vojta's ghost says, "The bigger they are, the harder they fall!"
There is an open door here.
Vojta's ghost shouts, "I have seen your future, and it is all used up."
You closely miss Vojta's ghost.
Vojta's ghost is almost destroyed.
Vojta's ghost hits you.
* * * LOW HITPOINT WARNING * * *
You hit Vojta's ghost but do no damage.
Vojta's ghost is almost destroyed.
Vojta's ghost closely misses you.
You closely miss Vojta's ghost.
Vojta's ghost is almost destroyed.
Vojta's ghost hits you.
* * * LOW HITPOINT WARNING * * *
You see here a short sword.
Press: ? - help, v - describe, . - travel
Here: Vojta's ghost (almost destroyed)
The floor.
There is an open door here.
You barely miss Vojta's ghost.
Vojta's ghost is almost destroyed.
Vojta's ghost hits you but does no damage.
You closely miss Vojta's ghost.
Vojta's ghost is almost destroyed.
Vojta's ghost closely misses you.
You hit Vojta's ghost but do no damage.
Vojta's ghost is almost destroyed.
Vojta's ghost hits you.
* * * LOW HITPOINT WARNING * * *
You barely miss Vojta's ghost.
Vojta's ghost is almost destroyed.
Vojta's ghost hits you.
* * * LOW HITPOINT WARNING * * *
Vojta's ghost hits you.
You die...

### #. ..# . #.# ##### #. #.#
#...#
#.##.##.###########...###########
#...............@W....'..........
..#.#..##.#######....#.....###.#
.[ #......######....#....).....
##.###...#.......#....#..........
.....#...##.####.#.########......
##...#......# #.#.########......
#.........######.................
#>.......(......<..###.####..###
#.......(..........#≈###≈≈##+...


You could see Vojta's ghost.

Vanquished Creatures
  Grinder (Sewer)
  2 big kobolds (Sewer)
  A quasit (Sewer)
  2 big kobold zombies (Sewer)
  3 gnolls (D:3)
  8 adders
  5 shadow imps (Sewer)
  3 ufetubi (Sewer)
  2 worms
  3 dart slugs
  2 leopard geckos
  2 orcs (D:3)
  5 giant cockroaches
  10 goblins
  6 hobgoblins
  6 jackals (D:2)
  A quokka (D:2)
  8 bats
  5 frilled lizards
  25 kobolds
  A kobold zombie (Sewer)
  7 rats
108 creatures vanquished.

Vanquished Creatures (others)
  A kobold zombie (Sewer)
1 creature vanquished.

Grand Total: 109 creatures vanquished

Notes
Turn   | Place    | Note
-------+----------+-------------------------------------------
     0 | D:1      | Amnesiac the Deep Elf Earth Elementalist began the quest for the Orb.
     0 | D:1      | Reached XP level 1. HP: 10/10 MP: 6/6
    25 | D:1      | Reached skill level 1 in Fighting
   230 | D:1      | Reached XP level 2. HP: 11/16 MP: 8/8
   632 | D:1      | Learned a level 2 spell: Passwall
  1270 | D:2      | Reached XP level 3. HP: 19/21 MP: 9/9
  1864 | D:2      | Reached XP level 4. HP: 17/27 MP: 6/10
  1919 | D:2      | Learned a level 4 spell: Petrify
  2340 | D:3      | Reached XP level 5. HP: 16/32 MP: 2/11
  2445 | D:3      | Found a glowing drain.
  2528 | D:3      | Noticed Vojta's ghost (amateur DDHu)
  2529 | Sewer    | Entered a sewer
  2917 | Sewer    | Found a burning altar of Makhleb.
  2941 | Sewer    | Reached XP level 6. HP: 22/38 MP: 0/12
  3664 | Sewer    | Noticed Grinder
  3684 | Sewer    | Killed Grinder
  3684 | Sewer    | Reached skill level 5 in Fighting
  3684 | Sewer    | Reached skill level 5 in Dodging
  3684 | Sewer    | Reached XP level 7. HP: 26/44 MP: 7/13
  4021 | D:3      | HP: 1/44 [Vojta's ghost (7)]
  4145 | D:3      | HP: 2/44 [Vojta's ghost (6)]
  4148 | D:3      | Slain by Vojta's ghost

Vault maps used:
D:1:      dpeg_arrival_windows_large_door
D:3:      chequers_temple_overflow_statue_of_worship, gup_sewer_entry_bowl,
          okawaru_trees_2
Sewer:    kennysheep_sewer_church

Skill      XL: |  1  2  3  4  5  6 |
---------------+-------------------+-----
Fighting       | 1 2 3 4 5 |  5.5
Dodging        | 3 4 5 |  5.5
Stealth        | |  2.4
Spellcasting   | |  3.0
Transmutations | |  1.1
Earth Magic    | |  3.2

Action                   |  1- 3 |  4- 6 |  7- 9 || total
-------------------------+-------+-------+-------++-------
Melee: Spear             |   144 |    32 |       ||   176
       Unarmed           |     1 |     6 |       ||     7
       Whip              |       |    35 |    31 ||    66
       Dagger            |       |     2 |       ||     2
 Fire: Hand crossbow     |       |    20 |       ||    20
Throw: Throwing net      |       |     2 |       ||     2
 Cast: Sandblast         |    21 |    99 |       ||   120
       Passwall          |       |     3 |     1 ||     4
  Use: Scroll            |       |     4 |       ||     4
       Potion            |       |     4 |       ||     4
 Stab: Sleeping          |    11 |     1 |       ||    12
  Eat: Chunk             |     3 |     3 |       ||     6
       Royal jelly       |       |     1 |       ||     1
       Fruit             |       |     1 |       ||     1
       Meat ration       |       |       |     1 ||     1
Armor: Robe              |    17 |    40 |     3 ||    60
       Skin              |       |    40 |       ||    40
Dodge: Dodged            |    95 |   168 |    11 ||   274

Table legend:
 A = Spawn XP
 B = Non-spawn XP
 C = Spawn XP percentage of total XP
 D = Spawn monster count
 E = Non-spawn monster count
 F = Spawn count percentage of total count
 G = Total turns spent on level
                    A         B        C        D         E        F      G
               +---------+---------+-------+---------+---------+-------+---------
         Total |       0 |     951 |   0.0 |       0 |     108 |   0.0 |  4148
               +---------+---------+-------+---------+---------+-------+---------
           D:1 |       0 |      37 |   0.0 |       0 |      22 |   0.0 |  1099
           D:2 |       0 |      94 |   0.0 |       0 |      31 |   0.0 |  1172
           D:3 |       0 |     103 |   0.0 |       0 |      22 |   0.0 |   525
         Sewer |       0 |     717 |   0.0 |       0 |      33 |   0.0 |  1352
               +---------+---------+-------+---------+---------+-------+---------
